Map: [ESL] Hard Lead

Players

herO - Winner!

  • Race: Protoss Protoss
  • Spawn Location: 11:00

Maru

  • Race: Terran Terran
  • Spawn Location: 5:00

Event: IEM Katowice 2024

VOD

Have the link to the VOD?

Description

Time

  • Played on: Feb. 9, 2024, 11:14 a.m.
  • Length: 12:00

All games in this series

Show
View Real Time Build Order
Export as new Build Order

herO Protoss - Winner!

Build Orders: 1 Gate Expand, Oracle Opening, Blink Stalkers 

Get SALT Encoding   

  12  0:00  Probe  
  13  0:12  Probe  
  14  0:17  Pylon  
  14  0:24  Probe  
  15  0:35  Gateway  
  15  0:36  Probe (Chrono Boost)  
  15  0:41  Assimilator  
  16  0:47  Probe (Chrono Boost)  
  17  0:52  Probe (Chrono Boost)  
  18  1:02  Probe  
  19  1:18  Nexus  
  19  1:26  Cybernetics Core  
  19  1:30  Probe  
  20  1:35  Assimilator  
  20  1:42  Probe  
  20  1:45  Pylon  
  21  1:54  Probe  
  21  2:00  Adept (Chrono Boost)  
  22  2:06  Probe  
  25  2:11  Stargate  
  25  2:18  Probe  
  25  2:20  Warp Gate  
  26  2:24  Adept  
  28  2:30  Probe (Chrono Boost)  
  28  2:36  Probe (Chrono Boost)  
  30  2:41  Probe (Chrono Boost)  
  32  2:44  Probe (Chrono Boost)  
  32  2:45  Probe (Chrono Boost)  
  33  2:51  Oracle (Chrono Boost)  
  33  2:55  Probe  
  33  2:57  Adept, Probe  
  40  3:02  Pylon  
  40  3:07  Probe  
  40  3:09  Probe  
  42  3:12  Gateway  
  42  3:23  Probe x2  
  46  3:31  Twilight Council  
  44  3:36  Gateway, Probe  
  44  3:37  Probe  
  46  3:44  Pylon  
  46  3:48  Probe  
  49  3:49  Probe  
  49  3:53  Pylon  
  50  3:59  Blink (Chrono Boost)  
  50  4:00  Probe  
  50  4:01  Probe  
  50  4:06  Nexus  
  50  4:12  Shield Battery  
  50  4:18  Stalker  
  50  4:19  Stalker  
  50  4:23  Probe  
  50  4:24  Probe  
  56  4:27  Assimilator  
  56  4:32  Stalker  
  56  4:35  Probe, Pylon  
  56  4:36  Probe  
  60  4:44  Stalker x2  
  64  4:48  Probe x2  
  64  4:51  Forge  
  66  4:54  Assimilator  
  66  4:57  Stalker  
  68  5:00  Probe x2  
  68  5:04  Pylon  
  70  5:12  Probe x2 (Chrono Boost)  
  70  5:13  Sentry  
  70  5:14  Sentry  
  76  5:18  Probe (Chrono Boost)  
  76  5:20  Shield Battery  
  77  5:23  Sentry  
  77  5:24  Probe (Chrono Boost)  
  77  5:25  Probe (Chrono Boost)  
  77  5:26  Gateway  
  82  5:29  Probe (Chrono Boost)  
  82  5:32  Probe x2 (Chrono Boost)  
  82  5:34  Probe (Chrono Boost)  
  84  5:38  Gateway  
  84  5:40  Gateway  
  85  5:43  Probe  
  85  5:44  Probe x2  
  85  5:48  Robotics Facility  
  88  5:51  Shield Battery  
  88  5:57  Stalker x3  
  90  6:00  Charge  
  90  6:01  Protoss Ground Weapons Level 1  
  94  6:06  Pylon  
  94  6:09  Gateway  
  94  6:13  Gateway  
  94  6:23  Photon Cannon  
  94  6:25  Zealot x3, Shield Battery  
  100  6:34  Photon Cannon  
  100  6:36  Pylon  
  100  6:37  Stalker x2  
  104  6:40  Pylon  
  104  6:47  Stalker x2  
  108  6:56  Stalker x2  
  108  7:03  Stalker x2  
  108  7:08  Zealot x2  
  108  7:10  Probe x3  
  115  7:16  Assimilator x2  
  115  7:17  Pylon  
  115  7:20  Robotics Bay  
  111  7:22  Zealot  
  111  7:23  Zealot x3  
  111  7:24  Robotics Facility  
  111  7:25  Observer (Chrono Boost)  
  111  7:28  Probe x3  
  123  7:30  Pylon  
  123  7:36  Zealot  
  125  7:37  Warp Prism (Chrono Boost)  
  123  7:48  Zealot x6  
  123  7:51  Probe  
  136  7:58  Photon Cannon  
  136  8:04  Pylon  
  136  8:05  Probe  
  132  8:06  Probe x2  
  132  8:09  Protoss Ground Weapons Level 2 (Chrono Boost), Extended Thermal Lance  
  132  8:11  Colossus (Chrono Boost)  
  140  8:21  Colossus (Chrono Boost)  
  146  8:34  Probe x3  
  144  8:43  Zealot x2  
  144  8:46  Pylon  
  144  8:47  Dark Shrine  
  148  8:49  Pylon  
  148  9:01  Colossus (Chrono Boost), Probe  
  148  9:02  Probe  
  146  9:05  Stalker, Probe, Colossus (Chrono Boost)  
  159  9:11  Stalker  
  160  9:21  Probe x2  
  160  9:22  Probe  
  159  9:30  Nexus  
  159  9:31  Shield Battery  
  158  9:41  Probe x3  
  161  9:46  Disruptor (Chrono Boost)  
  165  9:53  Pylon  
  165  9:55  Pylon x2  
  165  9:58  Pylon  
  165  9:59  Shadow Stride  
  165  10:07  Disruptor (Chrono Boost)  
  165  10:10  Probe x2  
  165  10:11  Probe  
  165  10:13  Disruptor (Chrono Boost)  
  170  10:16  Zealot  
  170  10:17  Zealot x4  
  184  10:22  Zealot x2  
  184  10:23  Probe  
  184  10:24  Zealot  
  191  10:34  Probe x2  
  191  10:35  Probe  
  189  10:47  Disruptor  
  160  10:50  Zealot x5  
  136  10:58  Zealot x3  
  136  11:03  Disruptor (Chrono Boost)  
  112  11:15  Stalker x4  
  112  11:16  Stalker  
  120  11:20  Disruptor (Chrono Boost)  
  120  11:21  Sentry x3  
  134  11:41  Stalker x5  
  140  11:50  Zealot x3  
Show
View Real Time Build Order
Export as new Build Order

Maru Terran 

Build Orders: 1/1/1 

Get SALT Encoding   

  12  0:00  SCV  
  13  0:12  SCV  
  14  0:16  Supply Depot  
  14  0:24  SCV  
  15  0:38  Barracks, SCV  
  16  0:42  Refinery  
  16  0:50  SCV  
  16  0:52  Refinery  
  17  1:02  SCV  
  18  1:14  SCV  
  19  1:25  Reaper  
  19  1:26  Orbital Command  
  19  1:27  Supply Depot  
  20  1:40  Factory  
  20  1:52  SCV  
  21  1:57  Barracks Reactor  
  21  2:04  SCV  
  22  2:13  Command Center  
  22  2:16  SCV  
  23  2:28  SCV, Starport  
  24  2:33  Widow Mine  
  24  2:35  Supply Depot  
  26  2:40  SCV  
  27  2:44  Marine  
  28  2:52  SCV  
  28  2:54  Widow Mine  
  31  2:59  Marine  
  31  3:02  Marine  
  31  3:04  SCV, Medivac  
  36  3:16  SCV, Marine  
  38  3:20  Marine  
  38  3:28  Cyclone  
  38  3:32  SCV  
  41  3:36  Marine  
  41  3:37  Starport Tech Lab  
  42  3:42  Barracks  
  42  3:44  Orbital Command, SCV  
  43  3:56  Supply Depot, SCV  
  43  3:59  Raven  
  43  4:00  Marine x2  
  43  4:01  Factory Tech Lab  
  48  4:09  SCV x2  
  50  4:15  Engineering Bay  
  50  4:17  Marine  
  50  4:18  Marine  
  50  4:19  Supply Depot  
  50  4:22  SCV  
  50  4:23  SCV  
  54  4:31  Barracks  
  54  4:34  SCV  
  54  4:35  SCV  
  54  4:36  Marine  
  54  4:37  Stimpack  
  57  4:41  Terran Infantry Weapons Level 1  
  57  4:45  Supply Depot  
  57  4:46  Marine x2  
  57  4:48  SCV  
  57  4:49  SCV  
  61  4:54  Starport Reactor, Factory Reactor  
  61  4:55  Refinery  
  61  5:00  SCV  
  61  5:01  SCV  
  61  5:04  Marine x2  
  61  5:05  Marauder  
  67  5:11  Supply Depot  
  67  5:12  SCV  
  67  5:13  SCV  
  69  5:21  Marine  
  69  5:22  Marine  
  69  5:23  Combat Shield  
  69  5:24  Marauder  
  69  5:26  Marauder  
  75  5:30  SCV  
  75  5:32  Widow Mine, Supply Depot  
  75  5:33  Widow Mine  
  80  5:35  Medivac  
  80  5:39  Marine x2, SCV  
  80  5:41  Supply Depot, Refinery  
  80  5:42  SCV  
  86  5:53  Medivac  
  86  5:54  Marauder x2  
  93  5:57  SCV x2  
  93  5:58  Supply Depot  
  93  6:03  Widow Mine x2  
  98  6:06  Supply Depot  
  96  6:15  Marauder x2  
  100  6:24  Marine  
  98  6:29  Widow Mine, Medivac x2  
  104  6:36  Marauder x2  
  104  6:37  Concussive Shells  
  108  6:41  Command Center  
  108  6:47  Marine x2  
  106  6:50  SCV  
  107  6:58  Marauder x2  
  102  7:03  Medivac x2  
  102  7:04  SCV  
  102  7:08  SCV  
  104  7:14  Marine x2  
  99  7:16  Widow Mine  
  99  7:17  Barracks, Widow Mine  
  99  7:18  Barracks  
  99  7:19  Marauder x2  
  107  7:27  SCV x2  
  107  7:28  Armory  
  109  7:33  Medivac  
  109  7:34  Terran Infantry Armor Level 1  
  111  7:40  Marauder  
  111  7:41  Marine, Marauder  
  112  7:44  Marine  
  112  7:52  Widow Mine  
  112  7:53  Widow Mine  
  112  7:54  SCV x2  
  114  7:59  Marine  
  114  8:02  Marauder x2, Marine  
  114  8:03  Viking  
  114  8:05  Orbital Command  
  116  8:07  Barracks Tech Lab x2  
  116  8:11  Viking  
  118  8:18  Supply Depot, Ghost Academy  
  118  8:19  Widow Mine  
  120  8:22  Widow Mine  
  120  8:23  Marauder x2  
  126  8:31  Marine x2  
  126  8:32  Marauder x2  
  132  8:40  Widow Mine  
  134  8:43  Supply Depot  
  134  8:44  Viking  
  134  8:45  Marauder x2  
  134  8:48  Widow Mine  
  140  8:49  Marine x2  
  140  8:53  SCV, Marauder x2  
  140  8:54  SCV  
  139  9:03  Widow Mine  
  139  9:06  SCV x2  
  139  9:09  Ghost, Widow Mine  
  143  9:15  Marine x5  
  150  9:18  SCV  
  150  9:19  SCV  
  150  9:23  Orbital Command  
  148  9:25  Supply Depot  
  148  9:30  SCV  
  149  9:31  SCV  
  149  9:33  Ghost, Marine  
  153  9:42  Viking, SCV  
  154  9:46  Viking  
  156  9:54  Marauder, Marine  
  156  9:58  Supply Depot  
  156  9:59  SCV x2  
  161  10:01  Ghost  
  161  10:07  Marauder, Marine x2  
  161  10:11  Marine  
  163  10:16  Marauder  
  165  10:22  Viking x2  
  165  10:26  Marine, Supply Depot  
  165  10:27  Marauder, Supply Depot  
  172  10:31  Widow Mine  
  172  10:32  Widow Mine  
  173  10:39  Ghost  
  170  10:46  Marauder x2, Marine x2  
  170  10:49  Marine  
  107  11:03  Marine x2  
  94  11:07  Marauder, Marine x2  
  94  11:08  Marauder  
  82  11:21  Marine x2, SCV x2  
  82  11:25  Ghost  
  86  11:26  Marauder  
  86  11:28  Marine x2  
  86  11:31  SCV  
  91  11:39  Marine  

Tags
 
Add a new tag
Caveats
  • Supply blocks, unpowered buildings, or Contaminate may cause inaccurate times.
  • Supply counts are checked every 10 seconds.